 Dungeon Crawl Stone Soup version 0.24-a0-415-g6d73c25c48 (webtiles) character file.

Game seed: 4810888644826685839

3670 Kuinu the Cleaver (level 9, 0/85 HPs)
             Began as a Minotaur Berserker on June 7, 2019.
             Was a High Priest of Trog.
             Slain by an orc
             ... wielding a +0 dagger
              (1 damage)
             ... while paralysed
             ... on level 8 of the Dungeon.
             The game lasted 00:10:06 (5580 turns).

Kuinu the Cleaver (Minotaur Berserker)              Turns: 5580, Time: 00:10:07

Health: 0/85       AC: 14    Str: 24    XL:     9   Next: 89%
Magic:  8/8        EV:  2    Int:  4    God:    Trog [*****.]
Gold:   296        SH:  0    Dex: 11    Spells: 8/8 levels left

rFire    . . .     SeeInvis .   w - +0 battleaxe
rCold    + . .     Gourm    .   (shield currently unavailable)
rNeg     . . .     Faith    .   z - +0 chain mail
rPois    .         Spirit   .   (helmet restricted)
rElec    .         Reflect  .   (no cloak)
rCorr    .         Harm     .   e - +0 pair of gloves
MR       ++...                  r - +0 pair of boots
Stlth    ..........             (no amulet)
HPRegen  1.24/turn              k - ring of protection from cold
MPRegen  0.11/turn              (no ring)

@: paralysed, lethally poisoned (0 -> -45), berserk cooldown, regenerating,
slowed
A: retaliatory headbutt, horns 2
a: Berserk, Trog's Hand, Brothers in Arms, Renounce Religion


You were on level 8 of the Dungeon.
You worshipped Trog.
Trog was extremely pleased with you.
You were very hungry.

You visited 1 branch of the dungeon, and saw 8 of its levels.

You collected 296 gold pieces.

Inventory:

Hand Weapons
 a - a +0 hand axe
 w - a +0 battleaxe (weapon)
Armour
 b - a +0 animal skin
 e - a +0 pair of gloves (worn)
 g - a +0 leather armour
 o - a +0 shield
 q - a +0 ring mail
 r - a +0 pair of boots (worn)
 z - a +0 chain mail (worn)
Jewellery
 k - a ring of protection from cold (left hand)
Wands
 D - a wand of disintegration (18)
Scrolls
 h - a scroll of magic mapping {unknown}
 l - a scroll of random uselessness {unknown}
 m - a scroll of immolation {unknown}
 n - 3 scrolls of remove curse
 p - a scroll of enchant armour {unknown}
 s - 4 scrolls of teleportation
 y - 2 scrolls of blinking {unknown}
 A - a scroll of amnesia {unknown}
 C - 4 scrolls of identify
 E - a scroll of fog {unknown}
Potions
 d - 3 potions of flight
 f - a potion of lignification
 i - 2 potions of cancellation
 j - 10 potions of curing
 t - a potion of ambrosia
 u - 4 potions of heal wounds {unknown}
 v - a potion of might {unknown}
 B - a potion of brilliance {unknown}
Comestibles
 c - 15 rations


   Skills:
 * Level 9.8 Fighting
 * Level 9.8 Axes
 * Level 9.4 Armour
 + Level 6.2 Dodging


You had 8 spell levels left.
You didn't know any spells.
Your spell library was empty.

Dungeon Overview and Level Annotations

Branches:
Dungeon (8/15)             Temple (0/1) D:7
   Lair: D:8-11

Altars:
Fedhas
Gozag
Vehumet
Wu Jian
The Shining One

Shops:
D:4 [

Annotations:
D:8 Grum


Innate Abilities, Weirdness & Mutations

You reflexively headbutt those who attack you in melee.
You have a pair of horns on your head.


Message History

The orc warrior hits you with a cursed -3 mace.
* * * LOW HITPOINT WARNING * * *
* * * LOW HITPOINT WARNING * * *
You feel very sick. Grum hits you with a +0 spear of venom.
* * * LOW HITPOINT WARNING * * *
You are more poisoned.
The orc warrior hits you but does no damage.
The orc hits you but does no damage.
The worker ant bites you but does no damage.
The orc warrior hits you but does no damage.
* * * LOW HITPOINT WARNING * * *
You feel extremely sick. Grum hits you with a +0 spear of venom.
* * * LOW HITPOINT WARNING * * *
The worker ant bites you but does no damage.
The orc warrior hits you with a +0 mace.
* * * LOW HITPOINT WARNING * * *
The orc hits you with a +0 dagger.
You die...

. #..
##########..P.
#......†..?...
#.....o.......
#....@o)....≈.
.....hgoa......≈
.......o.....≈≈≈
.............≈≈≈
............P.≈≈
..............≈.
....(...........
...............


You could see Grum, 2 orc warriors, a howler monkey, a worker ant, an orc wizard
and an orc.

Vanquished Creatures
  An ugly thing (D:7)
  An orc warrior (D:7)
  4 ice beasts (D:6)
  A sky beast (D:7)
  4 necrophages (D:8)
  A phantom (D:4)
  7 ogres
  3 centaurs
  2 wolves (D:8)
  3 bullfrogs
  A scorpion (D:7)
  3 wights (D:4)
  2 howler monkeys
  A crimson imp (D:5)
  2 jellies
  2 orc priests
  5 orc wizards
  8 worker ants
  A killer bee zombie (D:5)
  2 hound zombies
  2 hound skeletons
  A worker ant zombie (D:8)
  Robin (D:2)
  4 gnolls (D:6)
  10 adders
  A shadow imp (D:7)
  An ooze (D:6)
  An adder zombie (D:7)
  4 worms
  2 dart slugs
  3 leopard geckos
  27 orcs
  2 ball pythons
  8 bats
  4 giant cockroaches
  9 goblins
  8 hobgoblins
  9 jackals
  8 kobolds
  4 quokkas
  5 frilled lizards
  7 rats
175 creatures vanquished.

Notes
Turn   | Place    | Note
-------+----------+-------------------------------------------
     0 | D:1      | Kuinu the Minotaur Berserker began the quest for the Orb.
     0 | D:1      | Reached XP level 1. HP: 19/19 MP: 0/0
    91 | D:1      | Reached XP level 2. HP: 25/27 MP: 1/1
   663 | D:1      | Reached XP level 3. HP: 31/33 MP: 2/2
   881 | D:2      | Noticed Robin
   891 | D:2      | Killed Robin
   892 | D:2      | Reached ** piety under Trog
  1173 | D:2      | Reached XP level 4. HP: 16/41 MP: 3/3
  2512 | D:3      | Found an opulent altar of Gozag.
  2522 | D:3      | Found a blossoming altar of Fedhas.
  2525 | D:3      | Found a radiant altar of Vehumet.
  2622 | D:4      | Noticed an ogre
  2628 | D:4      | Killed an ogre
  2628 | D:4      | Reached skill level 5 in Fighting
  2628 | D:4      | Reached skill level 5 in Axes
  2628 | D:4      | Reached XP level 5. HP: 48/48 MP: 4/4
  2671 | D:4      | Reached *** piety under Trog
  2709 | D:4      | Found Vezxaqug's Antique Armour Shoppe.
  2762 | D:4      | Reached XP level 6. HP: 56/56 MP: 5/5
  2969 | D:4      | Reached skill level 5 in Armour
  3055 | D:4      | Reached XP level 7. HP: 63/63 MP: 6/6
  3568 | D:5      | Entered Level 5 of the Dungeon
  3678 | D:5      | Reached **** piety under Trog
  4043 | D:5      | Reached XP level 8. HP: 65/73 MP: 7/7
  4384 | D:6      | Found an ornate altar of the Wu Jian Council.
  4504 | D:6      | Reached skill level 5 in Dodging
  4730 | D:6      | Reached XP level 9. HP: 68/82 MP: 8/8
  5044 | D:7      | Noticed a white ugly thing
  5049 | D:7      | Killed a white ugly thing
  5109 | D:7      | Reached ***** piety under Trog
  5177 | D:7      | Found a glowing golden altar of the Shining One.
  5460 | D:7      | Found a staircase to the Ecumenical Temple.
  5563 | D:8      | Noticed Grum
  5580 | D:8      | HP: 1/85 [orc warrior/+0 mace (4)]
  5580 | D:8      | Slain by an orc

Levels and vault maps discovered:
D:1:      denvon_arrival_planthouse, layout_basic
D:2:      layout_basic, uniq_robin
D:3:      layout_loops_ring, minmay_overflow_temple_star_quad, first_ration
D:4:      layout_basic, serial_shops, nicolae_shop_overgrown_old_shop
D:5:      layout_loops_corners
D:6:      layout_cave_pods, lemuel_round_altar
D:7:      layout_basic, temple_green, tso_metal_star
D:8:      layout_gridville, serial_undead, serial_undead_e, serial_undead_e,
          serial_undead_f, serial_undead_b, lightli_orcish_oven, uniq_grum

Skill      XL: |  1  2  3  4  5  6  7  8  9 |
---------------+----------------------------+-----
Fighting       | 4 5 6 7 8 9 |  9.8
Axes           | 4 5 6 7 8 9 |  9.8
Armour         | 3 4 5 6 7 9 |  9.4
Dodging        | 3 4 5 6 |  6.2

Action                   |  1- 3 |  4- 6 |  7- 9 || total
-------------------------+-------+-------+-------++-------
Melee: Hand axe          |    91 |    89 |       ||   180
       Headbutt          |     8 |    19 |    42 ||    69
       Battleaxe         |       |    43 |   227 ||   270
Invok: Berserk           |       |     2 |     4 ||     6
       Trog's Hand       |       |       |     1 ||     1
  Use: Scroll            |       |       |     7 ||     7
  Eat: Chunk             |     1 |     8 |    11 ||    20
Armor: Animal skin       |    10 |       |       ||    10
       Leather armour    |    18 |    12 |       ||    30
       Ring mail         |       |    28 |       ||    28
       Chain mail        |       |    16 |   139 ||   155
Dodge: Dodged            |    78 |    69 |   130 ||   277
Block: Shield            |       |    14 |       ||    14

Table legend:
 A = Non-vault XP
 B = Vault XP
 C = Vault XP percentage of total XP
 D = Non-vault monster count
 E = Vault monster count
 F = Vault count percentage of total count
                 A         B        C        D         E       F
            +---------+---------+-------+---------+---------+-------
      Total |    4476 |     768 |  14.6 |     161 |      14 |   8.0
            +---------+---------+-------+---------+---------+-------
        D:1 |      43 |       0 |   0.0 |      24 |       0 |   0.0
        D:2 |      69 |      26 |  27.4 |      24 |       7 |  22.6
        D:3 |      53 |       0 |   0.0 |      14 |       0 |   0.0
        D:4 |     680 |       0 |   0.0 |      25 |       0 |   0.0
        D:5 |     814 |       0 |   0.0 |      28 |       0 |   0.0
        D:6 |    1250 |       0 |   0.0 |      24 |       0 |   0.0
        D:7 |    1520 |       0 |   0.0 |      20 |       0 |   0.0
        D:8 |      47 |     742 |  94.0 |       2 |       7 |  77.8
            +---------+---------+-------+---------+---------+-------
